 Dungeon Crawl Stone Soup version bcrawl-1.40.3b (webtiles) character file.

Game seed: 11801496318811455699

276322 Amelense the Destroyer (level 11, -1/85 HPs)
             Began as a Human Reaver on Feb 6, 2024.
             Was an Elder of Vehumet.
             Killed from afar by an electric eel (9 damage)
             ... with a bolt of electricity
             ... on level 8 of the Dungeon.
             The game lasted 01:14:00 (9912 turns).

Amelense the Destroyer (Human Reaver)               Turns: 9912, Time: 01:14:01

Health: -1/85      AC:  5    Str: 13    XL:     11   Next: 4%
Magic:  16/21      EV: 15    Int: 21    God:    Vehumet [****..]
Gold:   221        SH:  2    Dex: 17    Spells: 5/24 levels left

rFire    + . .     GDR:     30% H - +3 great sword (freeze)
rCold    x . .     SeeInvis .   (shield currently unavailable)
rNeg     . . .     Gourm    .   r - +0 troll leather armour
rPois    .         Faith    +   (helmet restricted)
rElec    .         Spirit   .   (no cloak)
rCorr    .         Reflect  .   F - +0 pair of gloves
MR       .....                  (no boots)
Stlth    ++........             k - amulet of faith
HPRegen  0.64/turn              q - ring "Guomn" {Fire Int+4 Dex+2 Slay-5}
MPRegen  0.17/turn              t - +4 ring of dexterity

@: about to teleport
A: beak, robust 1
a: Renounce Religion


You were on level 8 of the Dungeon.
You worshipped Vehumet.
Vehumet was greatly pleased with you.
You were hungry.

You visited 2 branches of the dungeon, and saw 9 of its levels.

You collected 573 gold pieces.
You spent 352 gold pieces at shops.

Inventory:

Hand Weapons
 l - a +3 dagger of speed
 p - a +0 morningstar of protection
 C - a +2 war axe of chopping
 E - a +1 flail
 H - a +3 great sword of freezing (weapon)
Missiles
 w - 35 poisoned needles
 x - 85 poisoned tomahawks (quivered)
Armour
 b - +0 steam dragon scales
 c - a +2 helmet
 r - a +0 troll leather armour (worn)
 F - a +0 pair of gloves (worn)
 G - a +2 robe of magic recovery
Jewellery
 a - an uncursed ring of positive energy
 f - an uncursed ring of positive energy
 k - an amulet of faith (around neck)
 q - the ring "Guomn" (left hand) {Fire Int+4 Dex+2 Slay-5}
   (You found it on level 3 of the Dungeon)

   [ring of fire]

   It enhances your fire magic.
   It affects your intelligence (+4).
   It affects your dexterity (+2).
   It affects your accuracy and damage with ranged weapons and melee attacks
   (-5).
   It protects you from fire.
   It makes you vulnerable to cold.
 t - a +4 ring of dexterity (right hand)
Wands
 s - a wand of acid (11)
 v - a wand of paralysis (14)
 y - a wand of random effects (13)
 z - a wand of polymorph (9)
Scrolls
 d - 2 scrolls of immolation
 h - a scroll of blinking
 i - 4 scrolls of identify
 j - 7 scrolls of remove curse
 n - 5 scrolls of teleportation
 o - a scroll of fear
 u - a scroll of amnesia {unknown}
Potions
 g - a potion of cancellation
 m - a potion of haste
 B - a potion of resistance
 D - 2 potions of curing
Comestibles
 e - 4 rations {!d}
 A - 7 chunks of flesh


   Skills:
 + Level 4.7 Fighting
 - Level 3.8(5.9) Short Blades
 + Level 6.9(7.4) Long Blades
 + Level 2.4 Armour
 + Level 5.7 Dodging
 + Level 3.2 Stealth
 + Level 7.1 Spellcasting
 * Level 8.0 Conjurations
 + Level 0.1 Charms
 * Level 7.1 Fire Magic
 + Level 0.4 Evocations


You had 5 spell levels left.
You knew the following spells:

 Your Spells              Type           Power        Failure   Level  Hunger
a - Flame Tongue          Conj/Fire      #####        1%          1    None
b - Iskenderun's Battles  Conj/Chrm      ###.....     16%         5    #####..
c - Sandblast             Erth           #.....       3%          1    None
d - Conjure Flame         Conj/Fire      ######..     1%          3    None
e - Fireball              Conj/Fire      ######....   4%          5    #####..
f - Sticky Flame          Conj/Fire      ######..     1%          4    ###....

Your spell library contained the following spells:

 Spells                   Type           Power        Failure   Level  Hunger
 Mephitic Cloud           Conj/Pois/Air  ###.....     3%          3    None
 Inner Flame              Hex/Fire       N/A          2%          3    None
 Flaming Arrows           Chrm/Fire      ####....     3%          2    None
 Necrotize                Necr           #.....       11%         1    None
 Vampiric Draining        Necr           #.........   32%         3    None
 Agony                    Necr           #.......     73%         4    ###....
 Animate Dead             Necr           N/A          73%         4    ###....
 Dispel Undead            Necr           #.......     97%         5    #####..


Dungeon Overview and Level Annotations

Branches:
Dungeon (8/12)             Temple (1/1) D:6            Lair (0/6) D:8
    Orc: D:8-11

Altars:
Ashenzari
Cheibriados
Dithmenos
Elyvilon
Fedhas
Gozag
Hepliaklqana
Kikubaaqudgha
Lugonu
Makhleb
Nemelex Xobeh
Okawaru
Qazlal
Sif Muna
Trog
Uskayaw
Vehumet
Wu Jian
Xom
Yredelemnul
Zin
The Shining One

Shops:
D:6 *   D:7 !


Innate Abilities, Weirdness & Mutations

You have a beak for a mouth.
You are robust. (+10% HP)


Message History

The bolt of electricity hits you.
The electric eel shoots out a bolt of lightning at you!
The bolt of electricity hits you!
* * * LOW HITPOINT WARNING * * *
Found a staircase to the Lair.
You miss the electric eel. Your peck misses the electric eel.
The electric eel shoots out a bolt of lightning at you!
The bolt of electricity hits you!
* * * LOW HITPOINT WARNING * * *
As you read the scroll of teleportation, it crumbles to dust.
You feel strangely unstable.
The electric eel shoots out a bolt of lightning at you!
The bolt of electricity misses you.
The electric eel shoots out a bolt of lightning at you!
The bolt of electricity hits you!
* * * LOW HITPOINT WARNING * * *
Some of the chunks of flesh in your inventory have rotted away.
The electric eel shoots out a bolt of lightning at you!
The bolt of electricity hits you!
You die...

≈≈≈.≈.≈.≈≈≈≈.#.# #.##.###.
≈≈≈≈≈≈≈≈≈≈.....# #........
≈≈≈≈≈≈≈≈≈≈...%.# ####.####
.≈≈≈≈≈.≈.≈≈≈.#.# ##.##
≈≈≈≈.≈;....≈...# ##...#
≈≈≈...;....≈.# #..#.#
...(.........# #....#
.............# #.##.##
....###...@#########.#...##
....'.......÷..............
....###....#########.#...##
. #.#.## #.##.## #....
#.#### ####.# #.# .# #.# .#
#.# .# #.#


You could see 2 electric eels.

Vanquished Creatures
  A cyclops (D:8)
  An ugly thing (D:7)
  2 trolls
  3 hippogriffs
  A slime creature (D:8)
  Sigmund (D:6)
  2 hungry ghosts
  Menkaure (D:5)
  An ice beast (D:6)
  4 sky beasts
  An orc warrior (D:6)
  A necrophage (D:8)
  The ghost of zoran the Sneak, an amateur HOSp of Beogh (D:3)
  6 ogres
  2 wolves (D:8)
  A bullfrog (D:6)
  2 centaurs
  A scorpion (D:7)
  4 wights (D:7)
  5 orc priests
  2 howler monkeys
  A bullfrog zombie (D:5)
  A crimson imp (D:7)
  5 hounds
  4 jellies
  7 orc wizards
  2 bullfrog skeletons
  An iguana (D:4)
  5 worker ants
  A bullfrog simulacrum (D:3)
  A worker ant zombie (D:5)
  9 adders
  9 gnolls
  A hound simulacrum (D:3)
  3 howler monkey skeletons
  3 shadow imps
  A worker ant simulacrum (D:3)
  2 oozes
  An adder zombie (D:7)
  4 adder skeletons
  5 worms
  A dart slug (D:4)
  5 leopard geckos
  24 orcs
  4 bats (D:1)
  6 giant cockroaches
  8 hobgoblins
  11 jackals
  3 quokkas
  A ball python (D:4)
  2 frilled lizards
  7 kobolds
  A quokka skeleton (D:3)
  3 rats
185 creatures vanquished.

Notes
Turn   | Place    | Note
-------+----------+-------------------------------------------
     0 | D:1      | Amelense the Human Reaver began the quest for the Orb.
     0 | D:1      | Reached XP level 1. HP: 18/18 MP: 3/3
    61 | D:1      | Reached XP level 2. HP: 18/24 MP: 5/5
   408 | D:1      | Reached XP level 3. HP: 26/29 MP: 6/6
  1175 | D:2      | Reached * piety under Vehumet
  1175 | D:2      | Offered knowledge of Flame Tongue by Vehumet.
  1179 | D:2      | Learned a level 1 spell: Flame Tongue
  1282 | D:2      | Reached XP level 4. HP: 29/35 MP: 5/7
  1623 | D:3      | Reached skill level 1 in Stealth
  1701 | D:3      | Noticed zoran's ghost (amateur HOSp)
  1777 | D:3      | Found a runed translucent gate.
  1777 | D:3      | Found a runed translucent gate.
  1777 | D:3      | Found a runed translucent gate.
  1796 | D:3      | Reached XP level 5. HP: 34/41 MP: 5/8
  1798 | D:3      | Killed zoran's ghost
  1799 | D:3      | Reached skill level 5 in Long Blades
  1824 | D:3      | Reached XP level 6. HP: 46/48 MP: 7/9
  1857 | D:3      | Got the ring "Guomn" {Fire}
  1864 | D:3      | Identified the ring "Guomn" {Fire Int+4 Dex+2 Slay-5} (You
                  | found it on level 3 of the Dungeon)
  1946 | D:3      | Reached skill level 1 in Fire Magic
  2010 | D:3      | Learned a level 5 spell: Iskenderun's Battlesphere
  2441 | D:3      | Reached ** piety under Vehumet
  2441 | D:3      | Offered knowledge of Sandblast by Vehumet.
  2683 | D:3      | Found a sparkling altar of Nemelex Xobeh.
  2901 | D:4      | Reached skill level 1 in Conjurations
  2901 | D:4      | Reached XP level 7. HP: 48/53 MP: 5/10
  3336 | D:4      | Found a stormy altar of Qazlal.
  3612 | D:4      | Noticed a hippogriff
  3614 | D:4      | Gained mutation: Your mind is acute. (Int +2) [potion of
                  | mutation]
  3614 | D:4      | Gained mutation: Your spells are a little harder to cast,
                  | but a little more powerful. [potion of mutation]
  3623 | D:4      | Killed a hippogriff
  3666 | D:4      | Learned a level 1 spell: Sandblast
  3690 | D:4      | Reached skill level 2 in Conjurations
  3690 | D:4      | Reached XP level 8. HP: 50/60 MP: 8/13
  3714 | D:4      | Lost mutation: Your spells are a little harder to cast, but
                  | a little more powerful. [potion of mutation]
  3714 | D:4      | Lost mutation: Your mind is acute. (Int +2) [potion of
                  | mutation]
  3714 | D:4      | Gained mutation: Your muscles are strong. (Str +2) [potion
                  | of mutation]
  3714 | D:4      | Gained mutation: You have sharp toenails. [potion of
                  | mutation]
  3714 | D:4      | Gained mutation: You expend magic power (3 MP) to
                  | strengthen your wands. [potion of mutation]
  3715 | D:4      | Lost mutation: You expend magic power (3 MP) to strengthen
                  | your wands. [potion of mutation]
  3715 | D:4      | Lost mutation: You have sharp toenails. [potion of
                  | mutation]
  3715 | D:4      | Lost mutation: Your muscles are strong. (Str +2) [potion of
                  | mutation]
  3715 | D:4      | Gained mutation: You are dopey. (Int -2) [potion of
                  | mutation]
  3715 | D:4      | Gained mutation: Your muscles are strong. (Str +2) [potion
                  | of mutation]
  3871 | D:5      | Entered Level 5 of the Dungeon
  3913 | D:5      | Offered knowledge of Shock by Vehumet.
  4169 | D:5      | Noticed Menkaure
  4176 | D:5      | Killed Menkaure
  4176 | D:5      | Reached *** piety under Vehumet
  4177 | D:5      | Reached skill level 1 in Short Blades
  4177 | D:5      | Reached skill level 3 in Conjurations
  5528 | D:6      | Reached skill level 5 in Spellcasting
  5748 | D:6      | Reached skill level 5 in Dodging
  5748 | D:6      | Reached skill level 4 in Conjurations
  5748 | D:6      | Reached XP level 9. HP: 62/65 MP: 16/16
  5875 | D:6      | Found a staircase to the Ecumenical Temple.
  5883 | Temple   | Entered the Ecumenical Temple
  6371 | D:6      | Noticed Sigmund
  6394 | D:6      | Killed Sigmund
  6520 | D:6      | Found Keizu's General Store.
  6756 | D:6      | Reached skill level 5 in Conjurations
  6925 | D:6      | Offered knowledge of Conjure Flame by Vehumet.
  6930 | D:6      | Learned a level 3 spell: Conjure Flame
  6985 | D:6      | Bought a ration for 60 gold pieces
  6985 | D:6      | Bought a ration for 60 gold pieces
  6985 | D:6      | Bought a ration for 60 gold pieces
  6985 | D:6      | Bought a ration for 60 gold pieces
  7984 | D:7      | Noticed a troll
  7996 | D:7      | Killed a troll
  8103 | D:7      | Noticed a hippogriff
  8117 | D:7      | Killed a hippogriff
  8118 | D:7      | Reached skill level 6 in Conjurations
  8118 | D:7      | Reached XP level 10. HP: 64/73 MP: 5/19
  8178 | D:7      | Reached **** piety under Vehumet
  8208 | D:7      | Reached skill level 1 in Armour
  8210 | D:7      | Offered knowledge of Mephitic Cloud by Vehumet.
  8259 | D:7      | Reached skill level 5 in Fire Magic
  8396 | D:7      | Learned a level 5 spell: Fireball
  8401 | D:7      | Learned a level 4 spell: Sticky Flame
  8581 | D:7      | Found Lijohoh's Distillery.
  8598 | D:7      | Bought a potion of mutation for 112 gold pieces
  8598 | D:7      | Lost mutation: Your muscles are strong. (Str +2) [potion of
                  | mutation]
  8598 | D:7      | Lost mutation: You are dopey. (Int -2) [potion of mutation]
  8598 | D:7      | Gained mutation: You have a beak for a mouth. [potion of
                  | mutation]
  8598 | D:7      | Gained mutation: You are robust. (+10% HP) [potion of
                  | mutation]
  8812 | D:7      | Noticed a purple ugly thing
  8818 | D:7      | Killed a purple ugly thing
  8819 | D:7      | Reached skill level 7 in Conjurations
  9085 | D:8      | Noticed a cyclops
  9164 | D:8      | Killed a cyclops
  9825 | D:8      | Reached XP level 11. HP: 73/85 MP: 7/21
  9870 | D:8      | Reached skill level 8 in Conjurations
  9907 | D:8      | Found a staircase to the Lair.
  9912 | D:8      | Killed from afar by an electric eel

Skill      XL: |  1  2  3  4  5  6  7  8  9 10 11 |
---------------+----------------------------------+-----
Long Blades    | 4 5 6 |  6.9
Stealth        | 1 2 3 |  3.2
Dodging        | 4 5 |  5.7
Fire Magic     | 1 3 4 7 |  7.1
Conjurations   | 1 2 4 6 7 8 |  8.0
Fighting       | 4 |  4.7
Spellcasting   | 3 5 6 7 |  7.1
Short Blades   | 2 3 |  3.8
Armour         | 2 |  2.4
Charms         | |  0.1
Evocations     | |  0.4

Action                   |  1- 3 |  4- 6 |  7- 9 | 10-12 || total
-------------------------+-------+-------+-------+-------++-------
Melee: Long sword        |    94 |   108 |    15 |       ||   217
       Dagger            |       |       |   258 |    36 ||   294
       Unarmed           |       |       |     4 |       ||     4
       Great sword       |       |       |       |    62 ||    62
       Peck              |       |       |       |     9 ||     9
 Cast: Flame Tongue      |     1 |    51 |   207 |    59 ||   318
       Iskenderun's Batt |       |     1 |     1 |       ||     2
       Conjure Flame     |       |       |     4 |     6 ||    10
       Fireball          |       |       |       |    19 ||    19
       Sticky Flame      |       |       |       |    11 ||    11
Evoke: Wand              |       |     1 |     2 |       ||     3
  Use: Potion            |     1 |     1 |     6 |     1 ||     9
       Scroll            |     1 |     1 |     7 |     4 ||    13
 Stab: Sleeping          |       |       |     4 |     2 ||     6
  Eat: Chunk             |     1 |     5 |    15 |     1 ||    22
       Ration            |     1 |     1 |     7 |     3 ||    12
Armor: Steam dragon scal |    48 |    33 |    68 |       ||   149
       Troll leather arm |       |       |     3 |    23 ||    26
       Skin              |       |       |     1 |       ||     1
Dodge: Dodged            |    91 |    89 |   177 |    88 ||   445
Block: Other             |     3 |     1 |     1 |    10 ||    15
